 Dungeon Crawl Stone Soup version 0.30-a0-1053-gbd8d5ba0ad (webtiles) character file.

Game seed: 17217898371780792916

121 testman the Stinger (level 4, -1/30 HPs)
             Began as a Demonspawn Venom Mage on Apr 11, 2023.
             Slain by a sleepcap (15 damage)
             ... on level 3 of the Dungeon.
             The game lasted 00:11:25 (2289 turns).

testman the Stinger (Demonspawn Venom Mage)         Turns: 2289, Time: 00:11:25

Health: -1/30      AC:  5    Str:  9    XL:     4   Next: 76%
Magic:  3/7        EV:  2    Int: 18    God:
Gold:   102        SH:  0    Dex: 13    Spells: 1/7 levels left

rFire   . . .      SeeInvis .    c - +0 dagger
rCold   . . .      Faith    .    (no shield)
rNeg    . . .      Spirit   .    a - +0 robe
rPois   .          Reflect  .    l - +0 helmet
rElec   .          Rampage  .    (no cloak)
rCorr   .                        p - +0 pair of gloves
Will    .....                    (no boots)
Stlth   ++                       e - amulet of the acrobat
HPRegen 0.25/turn                (no ring)
MPRegen 0.10/turn                (no ring)

@: sleeping, very slightly contaminated
A: sharp scales 1
a: no special abilities


You were on level 3 of the Dungeon.
You visited 1 branch of the dungeon, and saw 3 of its levels.

You collected 102 gold pieces.

Inventory:

Hand Weapons
 c - a +0 dagger (weapon)
Missiles
 s - 5 curare-tipped darts
Armour
 a - a +0 robe (worn)
 l - a +0 helmet (worn)
 p - a +0 pair of gloves (worn)
 q - a +0 leather armour
Jewellery
 e - an amulet of the acrobat (around neck)
Scrolls
 d - 2 scrolls of amnesia {unknown}
 g - 3 scrolls of identify {unknown}
 h - 2 scrolls of fog {unknown}
 i - a scroll of immolation {unknown}
 k - 2 scrolls of blinking {unknown}
 m - 2 scrolls of fear {unknown}
 n - a scroll of vulnerability {unknown}
 o - a scroll of enchant weapon {unknown}
 r - a scroll of teleportation {unknown}
Potions
 b - 2 potions of magic
 f - 3 potions of lignification {unknown}
 j - a potion of ambrosia {unknown}


   Skills:
 - Level 1.7 Dodging
 - Level 1.7 Stealth
 - Level 2.0 Spellcasting
 + Level 2.7 Conjurations
 - Level 1.0 Transmutations
 - Level 3.0 Air Magic
 - Level 3.0 Poison Magic


You had one spell level left.
You knew the following spells:

 Your Spells              Type           Power      Damage    Failure   Level
a - Sting                 Tmut/Pois      36%        1d4       8%          1
b - Poisonous Vapours     Pois/Air       24%        N/A       8%          2
c - Mephitic Cloud        Conj/Pois/Air  12%        N/A       16%         3

Your spell library contained the following spells:

 Spells                   Type           Power      Damage    Failure   Level
 Kiss of Death            Conj/Necr      24%        2d7       11%         1
 Olgreb's Toxic Radiance  Pois           12%        N/A       45%         4
 Confusing Touch          Hex            1%         N/A       47%         3
 Dispel Undead            Necr           1%         3d6       87%         4


Dungeon Overview and Level Annotations

Branches:
Dungeon (3/15)

Altars:
Kikubaaqudgha


Innate Abilities, Weirdness & Mutations

You are partially covered in razor-sharp scales. (AC +1, Slay +1)


Message History

The sleepcap is lightly damaged.
The sleepcap barely misses you.
You hit the sleepcap.
The sleepcap is moderately damaged.
The sleepcap closely misses you.
Aiming: Sting (safe; 8% risk of failure)
Press: ? - help, Q - select action, (/) - cycle Shift-Dir - straight line, f - sleepcap
Aim: a sleepcap (moderately damaged, 100% to hit)
The sting hits the sleepcap but does no damage.
The sleepcap is poisoned.
The sleepcap is moderately damaged.
The sleepcap releases spores at you.
Aiming: Sting (safe; 8% risk of failure)
Press: ? - help, Q - select action, (/) - cycle Shift-Dir - straight line, f/p - sleepcap
Aim: a sleepcap (moderately damaged, poisoned, 100% to hit)
The sting hits the sleepcap.
The sleepcap partially resists.
The sleepcap is moderately damaged.
The sleepcap barely misses you.
Aiming: Sting (safe; 8% risk of failure)
Press: ? - help, Q - select action, (/) - cycle Shift-Dir - straight line, f/p - sleepcap
Aim: a sleepcap (moderately damaged, poisoned, 100% to hit)
You miscast Sting.
You are very lightly contaminated with residual magic.
Nothing appears to happen.
The sleepcap misses you.
Aiming: Sting (safe; 8% risk of failure)
Press: ? - help, Q - select action, (/) - cycle Shift-Dir - straight line, f/p - sleepcap
Aim: a sleepcap (heavily damaged, poisoned, 100% to hit)
The sting hits the sleepcap.
The sleepcap partially resists.
The sleepcap looks even sicker.
The sleepcap is heavily damaged.
The sleepcap barely misses you.
You hit the sleepcap but do no damage.
The sleepcap is heavily damaged.
The sleepcap releases spores at you.
You are engulfed in a cloud of soporific spores!
You fall asleep.
The sleepcap releases spores at you!
Ouch! That really hurt!
You die...

#.######.#.#
##. #.###
#.#.# .#
#...# #.#..
.# ###.# #.#
#.# #.# #.#
#@# #f# ...
##.## #.#
#.# #.# #..


You could see a sleepcap (very poisoned).

Vanquished Creatures
  An orc wizard (D:3)
  2 adders
  2 worms
  2 dart slugs
  3 orcs (D:3)
  8 endoplasms
  8 giant cockroaches
  7 goblins
  3 hobgoblins
  3 kobolds (D:1)
  9 ball pythons
  5 bats
  4 frilled lizards
  6 rats
63 creatures vanquished.

Notes
Turn   | Place    | Note
-------+----------+-------------------------------------------
     0 | D:1      | testman the Demonspawn Venom Mage began the quest for the
                  | Orb.
     0 | D:1      | Reached XP level 1. HP: 13/13 MP: 3/3
    26 | D:1      | Reached skill level 1 in Transmutations
   118 | D:1      | Reached skill level 1 in Air Magic
   205 | D:1      | Gained mutation: You are partially covered in razor-sharp
                  | scales. (AC +1, Slay +1) [demonic ancestry]
   205 | D:1      | Reached XP level 2. HP: 19/19 MP: 3/5
   272 | D:1      | Learned a level 2 spell: Poisonous Vapours
  1028 | D:1      | Reached XP level 3. HP: 18/24 MP: 0/6
  1039 | D:1      | Learned a level 3 spell: Mephitic Cloud
  1271 | D:2      | Reached skill level 1 in Conjurations
  1506 | D:2      | Reached XP level 4. HP: 29/30 MP: 7/7
  1538 | D:2      | Found an ancient bone altar of Kikubaaqudgha.
  2289 | D:3      | Slain by a sleepcap

Illustrated notes

Levels and vault maps discovered:
D:1:      kennysheep_arrival_forest, layout_rooms
D:2:      layout_rooms, basic_altar, hex_tiny, minmay_fractal_squares_5
D:3:      minmay_general_purpose_star, layout_loops_ring, patterned_corridor,
          uniq_sigmund

Skill      XL: |  1  2  3  4 |
---------------+-------------+-----
Transmutations | 1 |  1.0
Air Magic      | 1 2 3 |  3.0
Conjurations   | 1 2 |  2.7
Dodging        | |  1.7
Stealth        | |  1.7
Spellcasting   | |  2.0
Poison Magic   | |  3.0

Action                     |  1- 3 |  4- 6 || total
---------------------------+-------+-------++-------
  Melee: Dagger            |    92 |    51 ||   143
         Punch             |     2 |     1 ||     3
   Cast: Sting             |    27 |    20 ||    47
         Poisonous Vapours |    13 |     3 ||    16
         Mephitic Cloud    |     1 |       ||     1
   Stab: Sleeping          |     2 |     4 ||     6
 Armour: Robe              |    24 |    11 ||    35
  Dodge: Dodged            |    95 |    24 ||   119

Table legend: (Time is in decaauts)
 A = Elapsed time spent in this place.
 B = Non-inter-level travel time spent in this place.
 C = Inter-level travel time spent in this place.
 D = Time resting spent in this place.
 E = Time spent auto-exploring this place.
 F = Levels seen in this place.
 G = Mean time per level.
                   A        B        C        D        E       F      G
               +--------+--------+--------+--------+--------+-----+--------+
         Total |   2289 |   2147 |    142 |    206 |   1331 |   3 |  763.0 |
       Dungeon |   2289 |   2147 |    142 |    206 |   1331 |   3 |  763.0 |
               +--------+--------+--------+--------+--------+-----+--------+

Top non-repeatable levels by time:
     D:1: 1077 daAuts
     D:2: 782 daAuts
     D:3: 429 daAuts
